 Dungeon Crawl Stone Soup version 0.30-a0-371-gad7725a93e (webtiles) character file.

Game seed: 13876675190148421210

41 leviel the Trooper (level 3, 0/33 HPs)
             Began as a Hill Orc Fighter on Nov 21, 2022.
             Slain by an orc
             ... wielding a +2 vampiric morningstar
              (5 damage)
             ... on level 2 of the Dungeon.
             The game lasted 00:01:23 (905 turns).

leviel the Trooper (Hill Orc Fighter)                Turns: 905, Time: 00:01:24

Health: 0/33       AC:  8    Str: 20    XL:     3   Next: 52%
Magic:  3/3        EV:  9    Int:  8    God:
Gold:   81         SH:  4    Dex: 10    Spells: 2/2 levels left

rFire   . . .      SeeInvis .    a - +0 war axe
rCold   . . .      Faith    .    c - +0 buckler
rNeg    . . .      Spirit   .    b - +0 scale mail
rPois   .          Reflect  .    f - +0 helmet
rElec   .          Harm     .    (no cloak)
rCorr   .          Rampage  .    (no gloves)
Will    .....                    (no boots)
Stlth   ..........               (no amulet)
HPRegen 0.25/turn                (no ring)
MPRegen 0.08/turn                (no ring)

@: weak-willed
A: no striking features
a: Convert to Beogh


You were on level 2 of the Dungeon.
You visited 1 branch of the dungeon, and saw 2 of its levels.

You collected 81 gold pieces.

Inventory:

Hand Weapons
 a - a +0 war axe (weapon)
Armour
 b - a +0 scale mail (worn)
 c - a +0 buckler (worn)
 f - a +0 helmet (worn)
Scrolls
 h - a scroll of vulnerability
 i - a scroll of enchant weapon {unknown}
 j - a scroll of identify {unknown}
 k - a scroll of fear {unknown}
 l - a scroll of amnesia
 m - a scroll of poison {unknown}
 o - a scroll of blinking {unknown}
Potions
 d - a potion of might
 g - a potion of berserk rage {unknown}
 n - a potion of cancellation {unknown}


   Skills:
 + Level 4.0 Fighting
 * Level 3.8 Axes
 + Level 3.6 Armour
 + Level 3.6 Shields


You had 2 spell levels left.
You didn't know any spells.
Your spell library was empty.

Dungeon Overview and Level Annotations

Branches:
Dungeon (2/15)

Altars:
Sif Muna


Message History

The orc throws a boomerang.
The boomerang hits you but does no damage.
The orc priest mumbles some strange prayers to Beogh against you.
Beogh smites you!
You hear a shout!
The ball python barely misses you. x2
The ball python closely misses you. You block the ball python's attack.
The ball python barely misses you. You block the ball python's attack.
The ball python attacks as you move away!
The ball python bites you but does no damage.
You block the ball python's attack. The ball python closely misses you.
The ball python barely misses you.
The ball python attacks as you move away!
The ball python bites you but does no damage.
The ball python attacks as you move away!
The ball python bites you but does no damage.
The ball python barely misses you. You block the ball python's attack.
You see here a frilled lizard corpse.
The ball python misses you. The ball python grabs you.
The ball python constricts you.
You escape the ball python's grasp.
The ball python attacks as you move away!
The ball python bites you.
The ball python attacks as you move away!
The ball python misses you. The ball python closely misses you.
You hit the ball python.
You kill the ball python!
You hit the orc.
The orc is severely wounded.
The orc hits you with a +0 falchion.
The orc priest threatens, "By the altar or by the axe, you will meet Beogh!" (press Y on the ability menu to convert to Beogh)
You slash the orc!
You kill the orc!
The orc throws a boomerang.
You block the boomerang.
The orc priest mumbles some strange prayers to Beogh against you.
Beogh smites you!
* * * LOW HITPOINT WARNING * * *
The orc hits you with a +2 vampiric morningstar.
You die...

#...>.##########.,,,,
#................*,,,
#.....##........,,,,<
#...†...#...#***,,,,.
#(..o.#....#* **,,,,
####.####o.### **,,,
#o# #....## **,, #o#
##....# **, #@#
###o.### ** #.#
##...##### #.#
#>o..#... #.##
##.#..... #..#
#..#.... ##.#
##.##... #.#######
#.##... #.......#
#.##... #.......#
#.##...


You could see an orc priest and 2 orcs.

Vanquished Creatures
  An adder (D:2)
  An orc (D:2)
  2 endoplasms
  A hobgoblin (D:1)
  4 jackals (D:2)
  A quokka (D:1)
  3 ball pythons
  4 bats
  2 frilled lizards
  4 goblins
  7 kobolds
  2 rats
32 creatures vanquished.

Notes
Turn   | Place    | Note
-------+----------+-------------------------------------------
     0 | D:1      | leviel the Hill Orc Fighter began the quest for the Orb.
     0 | D:1      | Reached XP level 1. HP: 19/19 MP: 1/1
   287 | D:1      | Reached XP level 2. HP: 27/27 MP: 2/2
   424 | D:1      | Found a faded altar of an unknown god.
   704 | D:2      | Reached XP level 3. HP: 31/33 MP: 3/3
   716 | D:2      | Found a shimmering blue altar of Sif Muna.
   793 | D:2      | Reached skill level 4 in Fighting
   905 | D:2      | Slain by an orc

Illustrated notes

Levels and vault maps discovered:
D:1:      minmay_arrival_four_circles, layout_loops_ring,
          hellmonk_ecumenical_altar_zigzags
D:2:      layout_rooms, basic_altar

Skill      XL: |  1  2  3 |
---------------+----------+-----
Axes           | 3 |  3.8
Fighting       | 4 |  4.0
Armour         | |  3.6
Shields        | |  3.6

Action                   || total
-------------------------++-------
Melee: War axe           ||    66
  Use: Scroll            ||     5
       Potion            ||     2
Armor: Scale mail        ||    33
Dodge: Dodged            ||    52
Block: Buckler           ||    17

Table legend: (Time is in decaauts)
 A = Elapsed time spent in this place.
 B = Non-inter-level travel time spent in this place.
 C = Inter-level travel time spent in this place.
 D = Time resting spent in this place.
 E = Time spent auto-exploring this place.
 F = Levels seen in this place.
 G = Mean time per level.
                   A        B        C        D        E       F      G
               +--------+--------+--------+--------+--------+-----+--------+
         Total |    910 |    874 |     36 |      0 |    645 |   2 |  455.0 |
       Dungeon |    910 |    874 |     36 |      0 |    645 |   2 |  455.0 |
               +--------+--------+--------+--------+--------+-----+--------+

Top non-repeatable levels by time:
     D:1: 683 daAuts
     D:2: 226 daAuts
